 Dungeon Crawl Stone Soup version 0.26.0-10-g1f06aea511 (webtiles) character file.

Game seed: 15701138473473741319

102 Aviak the Firebug (level 4, 0/33 HPs)
             Began as a Draconian Fire Elementalist on Jan 14, 2021.
             Slain by a hornet (1 damage)
             ... on level 3 of the Dungeon.
             The game lasted 00:02:29 (2326 turns).

Aviak the Firebug (Draconian Fire Elementalist)     Turns: 2326, Time: 00:02:29

Health: 0/33       AC:  5    Str: 10    XL:     4   Next: 49%
Magic:  1/8        EV: 12    Int: 17    God:
Gold:   151        SH:  0    Dex: 11    Spells: 8/9 levels left

rFire    + . .     SeeInvis .   b - +0 short sword
rCold    . . .     Faith    .   (no shield)
rNeg     . . .     Spirit   .   (armour unavailable)
rPois    .         Reflect  .   (helmet restricted)
rElec    .         Harm     .   (no cloak)
rCorr    .         Rampage  .   (no gloves)
Will     .....                  (no boots)
Stlth    ++........             (no amulet)
HPRegen  0.11/turn              F - ring of protection from fire
MPRegen  0.11/turn              (no ring)

@: slowed, very slow
A: unfitting armour, cold-blooded, AC +5
a: no special abilities


You were on level 3 of the Dungeon.
You visited 1 branch of the dungeon, and saw 3 of its levels.

You collected 151 gold pieces.

Inventory:

Hand Weapons
 b - a +0 short sword (weapon)
Jewellery
 l - a cursed amulet of inaccuracy {unknown}
 F - a ring of protection from fire (left hand)
Scrolls
 d - a scroll of magic mapping {unknown}
 g - 3 scrolls of identify {unknown}
 h - a scroll of noise {unknown}
 k - a scroll of teleportation {unknown}
Potions
 a - a potion of mutation {unknown}
 c - a potion of curing
 e - a potion of lignification {unknown}
 f - a potion of haste {unknown}
 i - a potion of brilliance {unknown}
 j - 4 potions of attraction {unknown}


   Skills:
 - Level 1.7 Dodging
 - Level 1.7 Stealth
 + Level 3.0 Spellcasting
 + Level 2.5 Conjurations
 + Level 3.9 Fire Magic


You had 8 spell levels left.
You knew the following spells:

 Your Spells              Type           Power        Failure   Level
a - Foxfire               Conj/Fire      52%          4%          1

Your spell library contained the following spells:

 Spells                   Type           Power        Failure   Level
 Conjure Flame            Conj/Fire      13%          14%         3
 Inner Flame              Hex/Fire       9%           24%         3
 Sticky Flame             Conj/Fire      13%          41%         4
 Fireball                 Conj/Fire      6%           77%         5


Dungeon Overview and Level Annotations

Branches:
Dungeon (3/15)

Altars:
Sif Muna


Innate Abilities, Weirdness & Mutations

Your plain brown scales are hard. (AC +5)
You cannot fit into any form of body armour.
You are cold-blooded and may be slowed by cold attacks.


Message History

It was a potion of curing.
You feel better.
c - a potion of curing;
b - a +0 short sword (weapon)
The foxfire hits the hornet.
The hornet is almost dead.
The foxfire hits the hornet.
The hornet is almost dead.
The hornet closely misses you.
The hornet stings you but does no damage.
The hornet stings you!
* * * LOW HITPOINT WARNING * * *
You feel as though you will be slow longer.
You see here a scroll of remove curse.
Unknown command.
Casting: Foxfire (safe; 4% risk of failure)
Confirm with . or Enter, or press ? or * to list all spells.
You conjure some foxfire!
The hornet stings you.
* * * LOW HITPOINT WARNING * * *
You feel as though you will be slow longer.
The hornet misses you. The hornet stings you.
You die...

#...... .. ......## .###
....#.# ..## ........
#..#####
.....##.######......#
####.. ......#......#
..........##
##############..v....##..
................@y.......
##############..v...##...
#......# #......#
#......# #......#
########


You could see a hornet.

Vanquished Creatures
  Jessica (D:2)
  2 adders (D:2)
  2 oozes
  3 leopard geckos (D:1)
  3 orcs (D:3)
  2 bats (D:1)
  3 giant cockroaches (D:1)
  5 goblins
  6 hobgoblins
  3 frilled lizards
  6 kobolds
  9 rats
45 creatures vanquished.

Vanquished Creatures (others)
  62 foxfires
62 creatures vanquished.

Grand Total: 107 creatures vanquished

Notes
Turn   | Place    | Note
-------+----------+-------------------------------------------
     0 | D:1      | Aviak the Draconian Fire Elementalist began the quest for
                  | the Orb.
     0 | D:1      | Reached XP level 1. HP: 14/14 MP: 3/3
   367 | D:1      | Reached XP level 2. HP: 12/20 MP: 3/5
   797 | D:1      | Reached XP level 3. HP: 21/26 MP: 6/6
  1548 | D:2      | Noticed Jessica
  1555 | D:2      | Killed Jessica
  1556 | D:2      | Reached XP level 4. HP: 33/33 MP: 5/8
  1693 | D:2      | Found a shimmering blue altar of Sif Muna.
  2313 | D:3      | Noticed a hornet
  2326 | D:3      | HP: 1/33 [hornet (6)]
  2326 | D:3      | Slain by a hornet

Illustrated notes

Levels and vault maps discovered:
D:1:      wander_arrival_chamber, layout_loops_cross, st_stairs_9, moated_statue
D:2:      layout_loops_ring, lemuel_coloured_pillars_altar, uniq_jessica
D:3:      layout_rooms, nzn_hepliaklqana_mist_gate, st_stairs_6

Skill      XL: |  1  2  3  4 |
---------------+-------------+-----
Conjurations   | 2 |  2.5
Spellcasting   | 3 |  3.0
Dodging        | |  1.7
Stealth        | |  1.7
Fire Magic     | |  3.9

Action                   |  1- 3 |  4- 6 || total
-------------------------+-------+-------++-------
Melee: Unarmed           |    16 |       ||    16
       Short sword       |    43 |    23 ||    66
       Tailslap          |     4 |       ||     4
 Cast: Foxfire           |    22 |    15 ||    37
  Use: Scroll            |     1 |       ||     1
       Potion            |       |     1 ||     1
 Stab: Sleeping          |     6 |     3 ||     9
Armor: Skin              |    19 |     8 ||    27
Dodge: Dodged            |    49 |    14 ||    63
